 Dungeon Crawl Stone Soup version 0.30-a0-272-gf98c3da03f (webtiles) character file.

Game seed: 5840253961905228081

46 Weizan the Sneak (level 3, -2/16 HPs)
             Began as a Spriggan Enchanter on Oct 15, 2022.
             Slain by Crazy Yiuf (6 damage)
             ... on level 2 of the Dungeon.
             The game lasted 00:03:11 (1209 turns).

Weizan the Sneak (Spriggan Enchanter)               Turns: 1209, Time: 00:03:12

Health: -2/16      AC:  2    Str:  6    XL:     3   Next: 44%
Magic:  2/8        EV: 17    Int: 16    God:
Gold:   87         SH:  0    Dex: 15    Spells: 0/8 levels left

rFire   . . .      SeeInvis +    a - +1 dagger
rCold   . . .      Faith    .    (no shield)
rNeg    . . .      Spirit   .    b - +0 robe
rPois   .          Reflect  .    (helmet restricted)
rElec   .          Harm     .    (no cloak)
rCorr   .          Rampage  .    (gloves unavailable)
Will    .....                    (boots unavailable)
Stlth   +++.......               (no amulet)
HPRegen 0.22/turn                (no ring)
MPRegen 0.11/turn                (no ring)

@: very quick
A: very small, no large weapons, unfitting armour, see invisible, speed 3
a: no special abilities


You were on level 2 of the Dungeon.
You visited 1 branch of the dungeon, and saw 2 of its levels.

You collected 87 gold pieces.

Inventory:

Hand Weapons
 a - a +1 dagger (weapon)
Armour
 b - a +0 robe (worn)
Scrolls
 d - 4 scrolls of identify
 g - a scroll of noise {unknown}
Potions
 c - 2 potions of invisibility
 e - a potion of curing
 f - 2 potions of magic


   Skills:
 + Level 1.9 Short Blades
 + Level 3.3 Dodging
 + Level 5.0 Stealth
 + Level 3.2 Spellcasting
 + Level 4.0 Hexes


You couldn't memorise any spells.
You knew the following spells:

 Your Spells              Type           Power      Damage    Failure   Level
a - Ensorcelled Hibernat  Hex/Ice        18%        N/A       12%         2
b - Tukima's Dance        Hex            15%        N/A       11%         3
d - Confusing Touch       Hex            15%        N/A       11%         3

Your spell library contained the following spells:

 Spells                   Type           Power      Damage    Failure   Level
 Dazzling Flash           Conj/Hex       18%        N/A       24%         3
 Gell's Gravitas          Tloc           2%         N/A       50%         3
 Lesser Beckoning         Tloc           4%         N/A       50%         3
 Teleport Other           Tloc           2%         N/A       50%         3


Dungeon Overview and Level Annotations

Branches:
Dungeon (2/15)

Altars:

Annotations:
D:2 Crazy Yiuf


Innate Abilities, Weirdness & Mutations

You are very small and have problems with some larger weapons.
You are too small for most types of armour.
You have supernaturally acute eyesight. (SInv)
You cover ground extremely quickly. (Speed+++)


Message History

You open the door.
Casting: Ensorcelled Hibernation (safe; 12% risk of failure)
Confirm with . or Enter, or press ? or * to list all spells.
The spell is extremely dangerous to miscast (11% risk of failure)!
Continue anyway?
Aiming: Tukima's Dance (extremely dangerous; 11% risk of failure)
Press: ? - help, Shift-Dir - straight line, f - Crazy Yiuf
Aim: Crazy Yiuf, wielding a +3 quarterstaff of chaos and wearing a +0 cloak (chance to affect: 57%)
The +3 quarterstaff of chaos dances into the air!
Crazy Yiuf grits, "Lay sallow tired!"
Casting: Tukima's Dance (extremely dangerous; 11% risk of failure)
Confirm with . or Enter, or press ? or * to list all spells.
The spell is extremely dangerous to miscast (11% risk of failure)!
Continue anyway?
Your hands begin to glow red.
You hit Crazy Yiuf but do no damage. Crazy Yiuf hits you.
You hit Crazy Yiuf but do no damage.
Crazy Yiuf appears confused.
Crazy Yiuf hits you!
* * * LOW HITPOINT WARNING * * *
Crazy Yiuf barely misses himself.
You are too injured to fight recklessly!
You are too injured to fight recklessly!
You are too injured to fight recklessly!
You are too injured to fight recklessly!
You are too injured to fight recklessly!
You are too injured to fight recklessly!
You are too injured to fight recklessly!
You are too injured to fight recklessly!
You are too injured to fight recklessly!
You are too injured to fight recklessly!
You are too injured to fight recklessly!
You are too injured to fight recklessly!
Unknown command.
Unknown command.
You hit Crazy Yiuf but do no damage. You hit Crazy Yiuf but do no damage.
Crazy Yiuf counts something out on his fingers.
Crazy Yiuf hits your +3 quarterstaff of chaos.
You hit Crazy Yiuf but do no damage.
Your +3 quarterstaff of chaos hits Crazy Yiuf.
Crazy Yiuf hits you.
You die...

########...†.....).#
#.####...#.......######.#
...............#.# #.#
####....####.##.# #.#
##..## #....# #.# ♣P..P♣
###..# #.# ♣♣.P.♣ #..#
#†. ♣♣.♣♣ .r.# ### ♣♣@♣
## ♣g♣♣ ♣♣(♣ ♣.♣♣ #'# ...
#...# #. #)..# . #####


You could see Crazy Yiuf (confused, ally target) and a friendly +3 quarterstaff
of chaos.

Vanquished Creatures
  An adder (D:2)
  A dart slug (D:1)
  5 bats
  2 endoplasms
  3 giant cockroaches
  3 goblins
  3 hobgoblins
  A quokka (D:1)
  7 ball pythons
  A frilled lizard (D:1)
  4 kobolds
  3 rats
34 creatures vanquished.

Notes
Turn   | Place    | Note
-------+----------+-------------------------------------------
     0 | D:1      | Weizan the Spriggan Enchanter began the quest for the Orb.
     0 | D:1      | Reached XP level 1. HP: 9/9 MP: 5/5
   186 | D:1      | Reached XP level 2. HP: 13/13 MP: 6/6
   189 | D:1      | Learned a level 2 spell: Ensorcelled Hibernation
   835 | D:2      | Reached XP level 3. HP: 16/16 MP: 5/8
   893 | D:2      | Reached skill level 5 in Stealth
  1187 | D:2      | Found a runed translucent door.
  1188 | D:2      | Noticed Crazy Yiuf
  1193 | D:2      | Learned a level 3 spell: Tukima's Dance
  1197 | D:2      | Learned a level 3 spell: Confusing Touch
  1209 | D:2      | Slain by Crazy Yiuf

Illustrated notes

Levels and vault maps discovered:
D:1:      minmay_arrival_open_corners, layout_loops_ring
D:2:      layout_loops_ring, uniq_crazy_yiuf_cottage

Skill      XL: |  1  2  3 |
---------------+----------+-----
Dodging        | 3 |  3.3
Spellcasting   | 3 |  3.2
Hexes          | 4 |  4.0
Stealth        | 5 |  5.0
Short Blades   | |  1.9

Action                   || total
-------------------------++-------
Melee: Dagger            ||    88
 Cast: Ensorcelled Hiber ||     6
       Tukima's Dance    ||     1
       Confusing Touch   ||     1
  Use: Scroll            ||     2
 Stab: Sleeping          ||    16
Armor: Robe              ||     7
Dodge: Dodged            ||    52

Table legend: (Time is in decaauts)
 A = Elapsed time spent in this place.
 B = Non-inter-level travel time spent in this place.
 C = Inter-level travel time spent in this place.
 D = Time resting spent in this place.
 E = Time spent auto-exploring this place.
 F = Levels seen in this place.
 G = Mean time per level.
                   A        B        C        D        E       F      G
               +--------+--------+--------+--------+--------+-----+--------+
         Total |    827 |    809 |     18 |      0 |    595 |   2 |  413.5 |
       Dungeon |    827 |    809 |     18 |      0 |    595 |   2 |  413.5 |
               +--------+--------+--------+--------+--------+-----+--------+

Top non-repeatable levels by time:
     D:1: 527 daAuts
     D:2: 300 daAuts
